 Dungeon Crawl Stone Soup version 0.29-a0-542-g075992c915 (webtiles) character file.

Game seed: 14784229498605461349

45 vineage the Skirmisher (level 3, 0/25 HPs)
             Began as a Gargoyle Fighter on June 3, 2022.
             Slain by an adder (2 damage)
             ... on level 2 of the Dungeon.
             The game lasted 00:00:47 (896 turns).

vineage the Skirmisher (Gargoyle Fighter)            Turns: 896, Time: 00:00:47

Health: 0/25       AC: 10    Str: 19    XL:     3   Next: 64%
Magic:  3/3        EV:  9    Int: 14    God:
Gold:   60         SH:  4    Dex: 11    Spells: 2/2 levels left

rFire   . . .      SeeInvis .   a - +0 flail
rCold   . . .      Faith    .   c - +0 buckler
rNeg    + . .      Spirit   .   b - +0 scale mail
rPois   ∞          Reflect  .   (no helmet)
rElec   +          Harm     .   (no cloak)
rCorr   .          Rampage  .   (no gloves)
Will    .....                   (no boots)
Stlth   ..........              (no amulet)
HPRegen 0.08/turn               e - +6 ring of intelligence
MPRegen 0.08/turn               (no ring)

@: mighty
A: sickness immunity, AC +3, negative energy resistance 1, electricity
resistance, torment resistance 1, petrification resistance
a: no special abilities


You were on level 2 of the Dungeon.
You visited 1 branch of the dungeon, and saw 2 of its levels.

You collected 60 gold pieces.

Inventory:

Hand Weapons
 a - a +0 flail (weapon)
Armour
 b - a +0 scale mail (worn)
 c - a +0 buckler (worn)
Jewellery
 e - a +6 ring of intelligence (left hand)
Scrolls
 g - a scroll of enchant weapon {unknown}
 h - 2 scrolls of amnesia {unknown}
Potions
 f - a potion of degeneration {unknown}


   Skills:
 * Level 4.9 Fighting
 - Level 2.1 Maces & Flails
 - Level 3.2 Armour
 - Level 3.2 Shields


You had 2 spell levels left.
You didn't know any spells.
Your spell library was empty.

Dungeon Overview and Level Annotations

Branches:
Dungeon (2/15)

Altars:


Innate Abilities, Weirdness & Mutations

You are immune to sickness and miasma.
Your stone body is resilient. (AC +3)
You are immune to poison.
You resist negative energy. (rN+)
You are resistant to electric shocks. (rElec)
You are resistant to unholy torment.
You are immune to petrification.


Message History

Natasha is heavily wounded.
The adder bites you but does no damage. Natasha claws you!
The adder bites you but does no damage. Natasha claws you!
* * * LOW HITPOINT WARNING * * *
The adder bites you but does no damage.
You are too injured to fight recklessly!
You are too injured to fight recklessly!
You are too injured to fight recklessly!
You are too injured to fight recklessly!
You are too injured to fight recklessly!
You are too injured to fight recklessly!
You are too injured to fight recklessly!
You are too injured to fight recklessly!
You are too injured to fight recklessly!
You are too injured to fight recklessly!
You are too injured to fight recklessly!
You are too injured to fight recklessly!
You are too injured to fight recklessly!
You are too injured to fight recklessly!
You are too injured to fight recklessly!
You feel very mighty all of a sudden. The adder bites you but does no damage.
Natasha closely misses you. The adder bites you but does no damage.
You sock Natasha!
You kill Natasha!
Natasha growls in agony!
The adder bites you but does no damage. The adder closely misses you.
You have reached level 3!
Your experience leads to an increase in your attributes!
Your base attributes are Str 19, Int 8, Dex 9.
Increase (S)trength, (I)ntelligence, or (D)exterity?
You feel agile. x2
You closely miss the adder. The adder barely misses you.
The adder completely misses you. The adder bites you but does no damage.
You miss the adder. The adder bites you but does no damage.
The adder closely misses you.
You closely miss the adder.
You feel yourself speed up. The adder barely misses you. The adder bites you.
You die...

.# #+## ####.###
.# # #.# #. #.#
.# #.# .## #.#
.. #.# #. #.#
##.#S########.#
#....@........#
#..##.##########
#. .. ###


You could see an adder.

Vanquished Creatures
  Natasha (D:2)
  2 dart slugs
  2 endoplasms (D:1)
  2 goblins (D:1)
  3 hobgoblins (D:1)
  3 ball pythons (D:1)
  A bat (D:1)
  A kobold (D:1)
  2 rats (D:1)
17 creatures vanquished.

Notes
Turn   | Place    | Note
-------+----------+-------------------------------------------
     0 | D:1      | vineage the Gargoyle Fighter began the quest for the Orb.
     0 | D:1      | Reached XP level 1. HP: 14/14 MP: 1/1
   115 | D:1      | Found a faded altar of an unknown god.
   160 | D:1      | Reached XP level 2. HP: 20/20 MP: 2/2
   259 | D:1      | Reached skill level 4 in Fighting
   886 | D:2      | Noticed Natasha
   891 | D:2      | HP: 1/20 [Natasha (8)]
   893 | D:2      | Killed Natasha
   894 | D:2      | Reached XP level 3. HP: 2/25 MP: 3/3
   896 | D:2      | Slain by an adder

Illustrated notes

Levels and vault maps discovered:
D:1:      lightli_arrival_quake, layout_loops_ring, shapermc_ecumenical_altar_gd
D:2:      layout_loops_corners, minmay_misc_feat_rugged, uniq_natasha

Skill      XL: |  1  2 |
---------------+-------+-----
Fighting       | 4 |  4.9
Maces & Flails | |  2.1
Armour         | |  3.2
Shields        | |  3.2

Action                   || total
-------------------------++-------
Melee: Flail             ||    48
  Use: Scroll            ||     1
       Potion            ||     1
Armor: Scale mail        ||    30
Dodge: Dodged            ||    27
Block: Buckler           ||     5

Table legend: (Time is in decaauts)
 A = Elapsed time spent in this place.
 B = Non-inter-level travel time spent in this place.
 C = Inter-level travel time spent in this place.
 D = Time resting spent in this place.
 E = Time spent auto-exploring this place.
 F = Levels seen in this place.
 G = Mean time per level.
                   A        B        C        D        E       F      G
               +--------+--------+--------+--------+--------+-----+--------+
         Total |    915 |    875 |     40 |      0 |    740 |   2 |  457.5 |
       Dungeon |    915 |    875 |     40 |      0 |    740 |   2 |  457.5 |
               +--------+--------+--------+--------+--------+-----+--------+

Top non-repeatable levels by time:
     D:1: 783 daAuts
     D:2: 131 daAuts
